 Dungeon Crawl Stone Soup version 0.25-a0-346-g140ab784a8 (webtiles) character file.

Game seed: 14876681496742018772, levelgen mode: deterministic

84 PentaManta the Sneak (level 4, -3/28 HPs)
             Began as an Octopode Transmuter on Jan 1, 2020.
             Slain by Terence
             ... wielding a +0 flail
              (8 damage)
             ... on level 2 of the Dungeon.
             The game lasted 00:07:14 (1840 turns).

PentaManta the Sneak (Octopode Transmuter)          Turns: 1840, Time: 00:07:15

Health: -3/28      AC: -1    Str:  9    XL:     4   Next: 46%
Magic:  0/7        EV: 19    Int: 16    God:
Gold:   105        SH:  0    Dex: 17    Spells: 2/7 levels left

rFire    . . .     SeeInvis .     - Unarmed
rCold    . . .     Gourm    .   (shield currently unavailable)
rNeg     . . .     Faith    .   (helmet currently unavailable)
rPois    .         Spirit   .   (no amulet)
rElec    .         Reflect  .   h - ring of poison resistance
rCorr    .         Harm     .   n - -3 ring of protection (curse)
MR       .....                  (no ring)
Stlth    +++.......             (no ring)
HPRegen  0.09/turn              (no ring)
MPRegen  0.10/turn              (no ring)
                                (no ring)
                                (no ring)

@: spider-form (expiring), very slightly contaminated
A: tiny, almost no armour, stealthy swim, (amphibious), 8 rings, (constrict 8)
a: End Transformation


You were on level 2 of the Dungeon.
You were very hungry.
You were a venomous arachnid creature.
You visited 1 branch of the dungeon, and saw 2 of its levels.

You collected 105 gold pieces.

Inventory:

Hand Weapons
 e - a +0 short sword (melded)
 o - a +0 hunting sling
Missiles
 a - 110 arrows
 l - 8 poisoned darts (quivered)
Jewellery
 h - a ring of poison resistance (left front leg)
 n - a cursed -3 ring of protection (right front leg)
Scrolls
 i - a scroll of identify
Potions
 b - a potion of curing
 d - a potion of agility
 f - a potion of mutation
 g - a potion of berserk rage {unknown}
 j - a potion of resistance {unknown}
Comestibles
 c - 7 rations


   Skills:
 - Level 1.0 Fighting
 - Level 2.0 Dodging
 + Level 4.8 Stealth
 - Level 3.0 Unarmed Combat
 - Level 2.0 Spellcasting
 - Level 2.0 Transmutations
 + Level 2.2 Poison Magic


You had 2 spell levels left.
You knew the following spells:

 Your Spells              Type           Power        Failure   Level  Hunger
b - Sticks to Snakes      Tmut           #.......     32%         2    ###....
c - Spider Form           Tmut/Pois      #.........   47%         3    ###....

Your spell library contained the following spells:

 Spells                   Type           Power        Failure   Level  Hunger
 Beastly Appendage        Tmut           #.....       22%         1    #......
 Ice Form                 Ice/Tmut       #.......     92%         4    #####..
 Blade Hands              Tmut           #.........   98%         5    ######.


Dungeon Overview and Level Annotations

Branches:
Dungeon (2/15)

Altars:

Annotations:
D:2 Terence


Innate Abilities, Weirdness & Mutations

You cannot wear most types of armour.
You are very stealthy in the water. (Stealth+)
((You are amphibious.))
You can wear up to eight rings at the same time.
((You can use your tentacles to constrict eight enemies at once.))
((Your skin changes colour to match your surroundings (Stealth+).))
((Your rubbery body absorbs attacks. (AC +1, EV +1)))


Message History

* * * LOW HITPOINT WARNING * * *
You swap places.
Your ball python bites Terence but does no damage.
Your ball python grabs Terence.
Your ball python constricts Terence.
Casting: Sticks to Snakes (safe; 14% risk of failure)
Confirm with . or Enter, or press ? or * to list all spells.
You turn into a venomous arachnid creature.
Your +0 short sword melds into your body.
You are feeling very hungry.
Your ball python bites Terence but does no damage.
Your ball python constricts Terence.
Terence drinks a potion.
Terence is healed!
Your ball python bites Terence.
Your ball python constricts Terence.
Terence hits your ball python with a +0 flail.
Your ball python dies!
You hit Terence but do no damage.
Terence is lightly wounded.
Your transformation is almost over.
Terence hits you with a +0 flail!
You die...

#..........#####.##
#############..............†..###
........<.....#.# #..###.#..##.
#############.#.# ..# #.#..##.
#.#.# ##..###.#..##. #.#.#
#............. #.#.##
#.............
##)...###...###.#....#
#....s@rg....##.##.#.#
#.#.#$###..#.##.##.#.# #.#.#.#
#..# #........ #.#.#.# #..#
#........ # ....... ...#
#..##.#.# # #.#.#.# ##.#
#..##.#.# # #.#.# .# #........
#.# .# #.#####.# ##.#.#.#####.#


You could see Terence, a goblin and a rat.

Vanquished Creatures
  A worker ant (D:2)
  2 adders (D:2)
  An ooze (D:2)
  A dart slug (D:1)
  A leopard gecko (D:2)
  2 goblins (D:2)
  5 hobgoblins
  8 jackals
  2 quokkas (D:2)
  7 bats
  2 frilled lizards
  4 kobolds
  5 rats
41 creatures vanquished.

Notes
Turn   | Place    | Note
-------+----------+-------------------------------------------
     0 | D:1      | PentaManta the Octopode Transmuter began the quest for the
                  | Orb.
     0 | D:1      | Reached XP level 1. HP: 13/13 MP: 3/3
    44 | D:1      | Reached skill level 1 in Stealth
   144 | D:1      | Reached skill level 2 in Stealth
   144 | D:1      | Reached XP level 2. HP: 18/18 MP: 3/5
   361 | D:1      | Learned a level 2 spell: Sticks to Snakes
   383 | D:1      | Reached skill level 3 in Stealth
   598 | D:1      | Reached XP level 3. HP: 9/23 MP: 3/6
   890 | D:1      | Learned a level 3 spell: Spider Form
   976 | D:2      | Reached skill level 4 in Stealth
   976 | D:2      | Reached skill level 1 in Poison Magic
  1454 | D:2      | Reached XP level 4. HP: 26/28 MP: 5/7
  1560 | D:2      | Noticed Terence
  1840 | D:2      | Slain by Terence

Levels and vault maps discovered:
D:1:      lemuel_arrival_muddy, layout_basic
D:2:      layout_loops_ring, uniq_terence

Skill      XL: |  1  2  3  4 |
---------------+-------------+-----
Stealth        | 2 3 4 |  4.8
Poison Magic   | 1 2 |  2.2
Fighting       | |  1.0
Dodging        | |  2.0
Unarmed Combat | |  3.0
Spellcasting   | |  2.0
Transmutations | |  2.0

Action                   |  1- 3 |  4- 6 || total
-------------------------+-------+-------++-------
Melee: Unarmed           |    74 |    16 ||    90
       Constrict         |    21 |     3 ||    24
       Kick              |    16 |     1 ||    17
       Tentacles         |     8 |     1 ||     9
       Punch             |     2 |       ||     2
       Short sword       |       |     2 ||     2
 Cast: Beastly Appendage |    22 |     1 ||    23
       Sticks to Snakes  |     1 |     3 ||     4
       Spider Form       |       |     2 ||     2
  Use: Potion            |     2 |       ||     2
       Scroll            |       |     4 ||     4
 Stab: Sleeping          |     8 |     3 ||    11
  Eat: Chunk             |     1 |     2 ||     3
Armor: Skin              |     9 |     1 ||    10
Dodge: Dodged            |    65 |    15 ||    80

Table legend:
 A = Non-vault XP
 B = Vault XP
 C = Vault XP percentage of total XP
 D = Non-vault monster count
 E = Vault monster count
 F = Vault count percentage of total count
                 A         B        C        D         E       F
            +---------+---------+-------+---------+---------+-------
      Total |     121 |       0 |   0.0 |      41 |       0 |   0.0
            +---------+---------+-------+---------+---------+-------
        D:1 |      36 |       0 |   0.0 |      21 |       0 |   0.0
        D:2 |      85 |       0 |   0.0 |      20 |       0 |   0.0
            +---------+---------+-------+---------+---------+-------
